 Dungeon Crawl Stone Soup version 0.31-a0-240-gb923e448b6 (webtiles) character file.

Game seed: 11248255214942906793

4 qw the Shooter (level 1, -3/16 HPs)
             Began as a Minotaur Hexslinger on July 11, 2023.
             Slain by a kobold
             ... wielding a +0 dagger
              (4 damage)
             ... on level 1 of the Dungeon.
             The game lasted 00:00:01 (34 turns).

qw the Shooter (Minotaur Hexslinger)                  Turns: 34, Time: 00:00:02

Health: -3/16      AC:  2    Str: 12    XL:     1   Next: 58%
Magic:  1/1        EV: 12    Int: 10    God:
Gold:   11         SH:  0    Dex: 12    Spells: 1/2 levels left

rFire   . . .        a - +1 sling
rCold   . . .        (no shield)
rNeg    . . .        c - +0 robe
rPois   .            (helmet restricted)
rElec   .            (no cloak)
rCorr   .            (no gloves)
SInv    .            (no boots)
Will    .....        (no amulet)
Stlth   +            (no ring)
HPRegen 0.22/turn    (no ring)
MPRegen 0.07/turn

%: no passive effects
@: no status effects
A: horns 2, retaliatory headbutt
a: no special abilities


You were on level 1 of the Dungeon.
You visited 1 branch of the dungeon, and saw 1 of its levels.

You collected 11 gold pieces.


Innate Abilities, Weirdness & Mutations

You have a pair of horns on your head.
You reflexively headbutt those who attack you in melee.


   Skills:
 - Level 1.2 Fighting
 + Level 2.7 Ranged Weapons
 - Level 2.1 Dodging
 - Level 1.0 Spellcasting
 - Level 2.0 Hexes


You had one spell level left.
You knew the following spells:

 Your Spells              Type           Power      Damage    Failure   Level
a - Slow                  Hex            16%        N/A       16%         1

Your spell library contained the following spells:

 Spells                   Type           Power      Damage    Failure   Level
 Inner Flame              Hex/Fire       2%         N/A       56%         3
 Portal Projectile        Hex/Tloc       4%         N/A       56%         3
 Cause Fear               Hex            2%         N/A       83%         4

Inventory:

Hand Weapons
 a - a +1 sling (weapon)
Armour
 c - a +0 robe (worn)
Jewellery
 d - a ring of protection from cold
Scrolls
 b - a scroll of poison

Dungeon Overview and Level Annotations

Branches:
Dungeon (1/15)

Altars:


Message History

The goblin barely misses you. The goblin hits you with a +0 club.
The rat completely misses you.
You shoot a sling bullet.
The sling bullet barely misses the goblin.
The sling bullet barely misses the ball python.
The sling bullet closely misses the frilled lizard.
You hear a shout!
The ball python bites you. The ball python misses you.
The rat barely misses you.
An endoplasm comes into view.
The goblin hits you with a +0 club.
You shoot a sling bullet. The sling bullet hits the goblin.
You kill the goblin!
You hear a shout!
The ball python bites you. The ball python grabs you.
The ball python constricts you. The rat barely misses you.
A kobold comes into view. It is wielding a +0 dagger.
You shoot a sling bullet. The sling bullet hits the ball python.
The ball python is moderately wounded.
The ball python barely misses you. The ball python constricts you.
The frilled lizard misses you. You furiously retaliate!
You headbutt the frilled lizard!
You kill the frilled lizard!
The rat bites you but does no damage. The ball python bites you.
The ball python constricts you.
You shoot a sling bullet. The sling bullet hits the ball python.
You kill the ball python!
The rat closely misses you. The kobold hits you with a +0 dagger.
The rat barely misses you.
You shoot a sling bullet. The sling bullet hits the rat!
You kill the rat!
The kobold barely misses you.
You shoot a sling bullet.
The sling bullet barely misses the endoplasm.
The endoplasm barely misses you. You furiously retaliate!
You headbutt the endoplasm. The kobold hits you with a +0 dagger.
You shoot a sling bullet. The sling bullet hits the endoplasm!
You kill the endoplasm!
The kobold hits you with a +0 dagger.
You die...

#. #.### ...... .# ##.
..# ..# .. ..# ...
#.## ##.## # ##.##
###..###%K[##.#
#...####........@....#
..~..#.....####...####
..~....~..8##...#.>..#
.~~~..~...###.##.###.#
~~~~~~.....##.##.### #
~...~~~~...........#
..<..~~~~~..###..#.#
~...~~~~....# ....#
~~~~~~.....## #..#


You could see a kobold.

Vanquished Creatures
  2 endoplasms (D:1)
  A goblin (D:1)
  A ball python (D:1)
  A frilled lizard (D:1)
  A rat (D:1)
6 creatures vanquished.

Notes
Turn   | Place    | Note
-------+----------+-------------------------------------------
     0 | D:1      | qw the Minotaur Hexslinger began the quest for the Orb.
     0 | D:1      | Reached XP level 1. HP: 16/16 MP: 1/1
     0 | D:1      | 0 ||| qw: Version: 0.3-a-52-g30416fa
     0 | D:1      | 0 ||| qw: Game counter: 6035
     0 | D:1      | 0 ||| qw: Melee chars always use a shield: true
     0 | D:1      | 0 ||| qw: God list: Okawaru
     0 | D:1      | 0 ||| qw: Allow faded altars: false
     0 | D:1      | 0 ||| qw: Do Orc after clearing Dungeon:15 true
     0 | D:1      | 0 ||| qw: Do second Lair branch before Depths: true
     0 | D:1      | 0 ||| qw: Lair rune preference: random
     0 | D:1      | 0 ||| qw: Goals: Normal
     0 | D:1      | 0 ||| PLANNING D:1-11
    31 | D:1      | HP: 2/16 [kobold/+0 dagger (4)]
    34 | D:1      | Slain by a kobold

Levels and vault maps discovered:
D:1:      eino_arrival_water_star, layout_loops_ring

Action                     || total
---------------------------++-------
   Fire: Sling             ||    12
 Armour: Robe              ||     1
  Dodge: Dodged            ||    11

Table legend:
 A = Non-vault XP
 B = Vault XP
 C = Vault XP percentage of total XP
 D = Non-vault monster count
 E = Vault monster count
 F = Vault count percentage of total count
                 A         B        C        D         E       F
            +---------+---------+-------+---------+---------+-------
      Total |       9 |       0 |   0.0 |       6 |       0 |   0.0
            +---------+---------+-------+---------+---------+-------
        D:1 |       9 |       0 |   0.0 |       6 |       0 |   0.0
            +---------+---------+-------+---------+---------+-------
